 Dungeon Crawl Stone Soup version 0.29.0-4-gdea44cf6ec (webtiles) character file.

Game seed: 13312213335584963064

56 qw the Chopper (level 3, -2/21 HPs)
             Began as a Tengu Warper on Aug 28, 2022.
             Slain by a gnoll
             ... wielding a +0 spear
              (5 damage)
             ... on level 2 of the Dungeon.
             The game lasted 00:00:06 (1303 turns).

qw the Chopper (Tengu Warper)                       Turns: 1303, Time: 00:00:06

Health: -2/21      AC:  3    Str: 13    XL:     3   Next: 97%
Magic:  7/7        EV: 12    Int: 13    God:
Gold:   54         SH:  0    Dex: 13    Spells: 6/6 levels left

rFire   . . .      SeeInvis .   a - +0 hand axe
rCold   . . .      Faith    .   (no shield)
rNeg    . . .      Spirit   .   b - +0 leather armour
rPois   .          Reflect  .   (helmet restricted)
rElec   .          Harm     .   (no cloak)
rCorr   .          Rampage  .   (no gloves)
Will    .....                   (boots unavailable)
Stlth   +.........              (no amulet)
HPRegen 0.07/turn               (no ring)
MPRegen 0.10/turn               (no ring)

@: no status effects
A: beak, talons 3
a: no special abilities


You were on level 2 of the Dungeon.
You visited 1 branch of the dungeon, and saw 2 of its levels.

You collected 54 gold pieces.


Innate Abilities, Weirdness & Mutations

You have a beak for a mouth.
You have claws for feet.


   Skills:
 - Level 2.0 Fighting
 + Level 4.5 Axes
 - Level 1.0 Throwing
 - Level 1.1 Armour
 - Level 2.1 Dodging
 - Level 2.0 Spellcasting
 - Level 2.4 Translocations


You had 6 spell levels left.
You didn't know any spells.
Your spell library contained the following spells:

 Spells                   Type           Power      Damage    Failure   Level
 Blink                    Tloc           14%        N/A       19%         2
 Gell's Gravitas          Tloc           7%         N/A       36%         3
 Lesser Beckoning         Tloc           7%         N/A       36%         3
 Teleport Other           Tloc           7%         N/A       36%         3
 Manifold Assault         Tloc           7%         N/A       98%         5

Inventory:

Hand Weapons
 a - a +0 hand axe (weapon)
 i - a +0 whip
Armour
 b - a +0 leather armour (worn)
 f - a +0 ring mail
 h - a scarf of shadows
Jewellery
 g - a +6 ring of strength
Scrolls
 c - a scroll of blinking
 d - 5 scrolls of identify {unknown}
 e - a scroll of poison {unknown}

Dungeon Overview and Level Annotations

Branches:
Dungeon (1/15)

Altars:


Message History

The adder is almost dead.
You feel sick. The adder bites you but does no damage.
You closely miss the adder. You claw the adder.
You kill the adder!
You feel sick.
You are no longer poisoned.
You start resting.
A gnoll comes into view. It is wielding a +0 flail.
The gnoll shouts!
You hear a shout!
A ball python comes into view.
1296 ||| Stepping ~*~*~tactically~*~*~ (stealth).
A gnoll comes into view. It is wielding a +0 club.
You closely miss the gnoll.
The ball python hisses angrily.
A gnoll comes into view. It is wielding a +0 spear.
The gnoll hits you but does no damage.
The gnoll shouts!
You hit the gnoll. You claw the gnoll, but do no damage.
The gnoll is lightly wounded.
The gnoll misses you.
You closely miss the gnoll. You claw the gnoll. You peck the gnoll.
The gnoll is severely wounded.
The gnoll hits you with a +0 flail!
Ouch! That really hurt!
You closely miss the gnoll. Your kick misses the gnoll.
Your peck misses the gnoll.
The gnoll is severely wounded.
You closely miss the ball python. The gnoll hits you with a +0 flail.
The ball python closely misses you. The ball python grabs you.
The ball python constricts you. The gnoll closely misses you.
You hit the ball python.
You kill the ball python!
You barely miss the gnoll. The gnoll closely misses you.
You hit the gnoll. You claw the gnoll.
You kill the gnoll!
The gnoll barely misses you. The gnoll hits you with a +0 spear.
You die...

.... .......
#....
#.......
#....
##......
.......#....#
.... .....
..##g.####
#..g....#
#.@.....#
#.......#
####....#
####....##
#........#
#......#.#
#......#.#
...####### .
... #


You could see 2 gnolls.

Vanquished Creatures
  2 gnolls
  An adder (D:2)
  A dart slug (D:1)
  2 bats (D:1)
  2 endoplasms (D:1)
  A giant cockroach (D:1)
  2 goblins (D:1)
  A hobgoblin (D:1)
  4 jackals (D:1)
  A quokka (D:1)
  3 ball pythons
  A frilled lizard (D:1)
  A kobold (D:1)
  2 rats (D:1)
24 creatures vanquished.

Notes
Turn   | Place    | Note
-------+----------+-------------------------------------------
     0 | D:1      | qw the Tengu Warper began the quest for the Orb.
     0 | D:1      | Reached XP level 1. HP: 12/12 MP: 4/4
     0 | D:1      | 0 ||| qw: Version: 0.1-a-89-g26bdef1
     0 | D:1      | 0 ||| qw: Game counter: 489
     0 | D:1      | 0 ||| qw: Always use a shield: true
     0 | D:1      | 0 ||| qw: God list: Okawaru
     0 | D:1      | 0 ||| qw: Allow faded altars: false
     0 | D:1      | 0 ||| qw: Do Orc after D:15 true
     0 | D:1      | 0 ||| qw: Do second Lair branch before Depths: true
     0 | D:1      | 0 ||| qw: Lair rune preference: random
     0 | D:1      | 0 ||| qw: Plans: Normal
     0 | D:1      | 0 ||| PLANNING D:1-11
    59 | D:1      | HP: 3/12 [jackal (2)]
    59 | D:1      | HP: 1/12 [jackal (2)]
    62 | D:1      | Reached skill level 3 in Axes
    62 | D:1      | Reached XP level 2. HP: 2/17 MP: 6/6
   471 | D:1      | 471 ||| Stepping ~*~*~tactically~*~*~ (hiding).
   587 | D:1      | 587 ||| DROPPING +0 club.
   627 | D:1      | 627 ||| Stepping ~*~*~tactically~*~*~ (stealth).
   841 | D:1      | Reached XP level 3. HP: 21/21 MP: 7/7
   876 | D:1      | HP: 4/21 [gnoll/+0 club (6)]
   878 | D:1      | Reached skill level 4 in Axes
  1146 | D:1      | You fall into a shaft and drop 1 floor!
  1296 | D:2      | 1296 ||| Stepping ~*~*~tactically~*~*~ (stealth).
  1300 | D:2      | HP: 2/21 [gnoll/+0 flail (6)]
  1303 | D:2      | Slain by a gnoll

Levels and vault maps discovered:
D:1:      ncdulo_smallfort, layout_loops_ring
D:2:      layout_basic, chequers_ecumenical_altar_lobes, minmay_pentomino_r2,
          uniq_jessica

Skill      XL: |  1  2  3 |
---------------+----------+-----
Axes           | 3 4 |  4.5
Fighting       | |  2.0
Throwing       | |  1.0
Armour         | |  1.1
Dodging        | |  2.1
Spellcasting   | |  2.0
Translocations | |  2.4

Action                   || total
-------------------------++-------
Melee: Hand axe          ||    68
       Kick              ||    19
       Peck              ||    10
Throw: Boomerang         ||     7
Armor: Leather armour    ||    23
Dodge: Dodged            ||    60

Table legend:
 A = Non-vault XP
 B = Vault XP
 C = Vault XP percentage of total XP
 D = Non-vault monster count
 E = Vault monster count
 F = Vault count percentage of total count
                 A         B        C        D         E       F
            +---------+---------+-------+---------+---------+-------
      Total |      81 |       0 |   0.0 |      24 |       0 |   0.0
            +---------+---------+-------+---------+---------+-------
        D:1 |      52 |       0 |   0.0 |      21 |       0 |   0.0
        D:2 |      29 |       0 |   0.0 |       3 |       0 |   0.0
            +---------+---------+-------+---------+---------+-------
